A- SE
ST. LUCIE METS @ LAKELAND FLYING TIGERS
06/18/2042
 
TOP OF THE 1ST
St. Lucie Mets batting - Pitching for Lakeland Flying Tigers : LHP Juan Pérez
Pitching: LHP Juan Pérez
Batting: RHB Juan Carlos Valdillez 0-0: Foul Ball, location: 2F
0-1: Foul Ball, location: 25FF
0-2: Ball
1-2: Fly out, F7 (Flyball, 78M, EV 95.0 MPH)
Batting: SHB Kevin French 0-0: Ball
1-0: Ground out 5-3 (Groundball, 5, EV 105.0 MPH)
Batting: RHB Bob Rhodes 0-0: Ball
1-0: Ball
2-0: Swinging Strike
2-1: Ball
3-1: Swinging Strike
3-2: Foul Ball, location: 25FF
3-2: Strikes out swinging
Top of the 1st over - 0 runs, 0 hits, 0 errors, 0 left on base; St. Lucie 0 - Lakeland 0
BOTTOM OF THE 1ST
Lakeland Flying Tigers batting - Pitching for St. Lucie Mets : RHP Jim Unknown
Pitching: RHP Jim Unknown
Batting: RHB Ismael Mason 0-0: Ball
1-0: Ball
2-0: Called Strike
2-1: Swinging Strike
2-2: Ball
3-2: Strikes out swinging
Batting: RHB Ghassan Umair 0-0: Called Strike
0-1: Swinging Strike
0-2: Ball
1-2: Strikes out swinging
Batting: RHB Jeff Hewitt 0-0: Ball
1-0: Swinging Strike
1-1: Called Strike
1-2: Strikes out swinging
Bottom of the 1st over - 0 runs, 0 hits, 0 errors, 0 left on base; St. Lucie 0 - Lakeland 0
TOP OF THE 2ND
St. Lucie Mets batting - Pitching for Lakeland Flying Tigers : LHP Juan Pérez
Batting: LHB Jim Unknown 0-0: Fly out, F7 (Flyball, 78M, EV 91.3 MPH)
Batting: LHB Jim Unknown 0-0: Called Strike
0-1: Called Strike
0-2: Foul Ball, location: 7LMF
0-2: Strikes out looking
Batting: RHB Jim Unknown 0-0: Ball
1-0: Foul Ball, location: 9LMF
1-1: Ground out 6-3 (Groundball, 6, EV 66.9 MPH)
Top of the 2nd over - 0 runs, 0 hits, 0 errors, 0 left on base; St. Lucie 0 - Lakeland 0
BOTTOM OF THE 2ND
Lakeland Flying Tigers batting - Pitching for St. Lucie Mets : RHP Jim Unknown
Batting: LHB José Ríos 0-0: Ball
1-0: Called Strike
1-1: Ball
2-1: Fly out, F5 (Popup, 56S, EV 67.5 MPH)
Batting: RHB Dan Murdock 0-0: Ball
1-0: Foul Ball, location: 9LSF
1-1: Fly out, F8 (Flyball, 8RM, EV 94.4 MPH)
Batting: SHB Johnathan Green 0-0: Ball
1-0: Ball
2-0: Called Strike
2-1: Called Strike
2-2: Ball
3-2: Fly out, F7 (Line Drive, 7D, EV 89.4 MPH)
Bottom of the 2nd over - 0 runs, 0 hits, 0 errors, 0 left on base; St. Lucie 0 - Lakeland 0
TOP OF THE 3RD
St. Lucie Mets batting - Pitching for Lakeland Flying Tigers : LHP Juan Pérez
Batting: RHB Jim Unknown 0-0: Ball
1-0: Ball
2-0: Called Strike
2-1: Called Strike
2-2: Strikes out swinging
Batting: LHB Jim Unknown 0-0: Foul Ball, location: 23F
0-1: Ball
1-1: Ball
2-1: Swinging Strike
2-2: Strikes out swinging
Batting: RHB Jim Unknown 0-0: Swinging Strike
0-1: Swinging Strike
0-2: Ball
1-2: Ball
2-2: Ground out 4-3 (Groundball, 4, EV 80.0 MPH)
Top of the 3rd over - 0 runs, 0 hits, 0 errors, 0 left on base; St. Lucie 0 - Lakeland 0
BOTTOM OF THE 3RD
Lakeland Flying Tigers batting - Pitching for St. Lucie Mets : RHP Jim Unknown
Batting: RHB William Beauvais 0-0: Ball
1-0: SINGLE (Flyball, 6MD, EV 90.0 MPH)
Batting: RHB Randy Leduc 0-0: Bunted foul
0-1: Sac Bunt to 13S - play at second, runner OUT! 1-6
Batting: RHB Ánibal López 0-0: Called Strike
Randy Leduc is caught stealing 2nd base 2-4
0-1: Called Strike
0-2: Ball
1-2: Ball
2-2: Ball
3-2: Base on Balls
Batting: RHB Ismael Mason 0-0: Called Strike
0-1: Foul Ball, location: 3DF
0-2: Strikes out swinging
Bottom of the 3rd over - 0 runs, 1 hit, 0 errors, 1 left on base; St. Lucie 0 - Lakeland 0
TOP OF THE 4TH
St. Lucie Mets batting - Pitching for Lakeland Flying Tigers : LHP Juan Pérez
Batting: RHB Juan Carlos Valdillez 0-0: Ball
1-0: Ball
2-0: Foul Ball, location: 9LSF
2-1: Ball
3-1: Base on Balls
Batting: SHB Kevin French 0-0: Ball
1-0: Fly out, F4 (Popup, 4, EV 72.5 MPH)
Batting: RHB Bob Rhodes 0-0: Fly out, F8 (Line Drive, 8LM, EV 96.9 MPH)
Batting: LHB Jim Unknown 0-0: Called Strike
0-1: Ball
1-1: Called Strike
1-2: 2-RUN HOME RUN (Flyball, 9D, EV 97.5 MPH), Distance : 374 ft
Batting: LHB Jim Unknown 0-0: Fly out, F7 (Flyball, 7S, EV 90.6 MPH)
Top of the 4th over - 2 runs, 1 hit, 0 errors, 0 left on base; St. Lucie 2 - Lakeland 0
BOTTOM OF THE 4TH
Lakeland Flying Tigers batting - Pitching for St. Lucie Mets : RHP Jim Unknown
Batting: RHB Ghassan Umair 0-0: Swinging Strike
0-1: Foul Ball, location: 3FF
0-2: Ball
1-2: Ball
2-2: SOLO HOME RUN (Flyball, 78XD, EV 102.5 MPH), Distance : 413 ft
Batting: RHB Jeff Hewitt 0-0: Ball
1-0: Fly out, F8 (Flyball, 8RM, EV 90.0 MPH)
Batting: LHB José Ríos 0-0: Ball
1-0: Ball
2-0: Ball
3-0: Base on Balls
Batting: RHB Dan Murdock 0-0: Grounds into double play, 6-4-3 (Groundball, 6, EV 76.9 MPH)
Bottom of the 4th over - 1 run, 1 hit, 0 errors, 0 left on base; St. Lucie 2 - Lakeland 1
TOP OF THE 5TH
St. Lucie Mets batting - Pitching for Lakeland Flying Tigers : LHP Juan Pérez
Batting: RHB Jim Unknown 0-0: Ground out 4-3 (Groundball, 4, EV 82.5 MPH)
Batting: RHB Jim Unknown 0-0: Called Strike
0-1: Foul Ball, location: 2F
0-2: Strikes out looking
Batting: LHB Jim Unknown 0-0: Ball
1-0: Ground out 4-3 (Groundball, 4, EV 78.8 MPH)
Top of the 5th over - 0 runs, 0 hits, 0 errors, 0 left on base; St. Lucie 2 - Lakeland 1
BOTTOM OF THE 5TH
Lakeland Flying Tigers batting - Pitching for St. Lucie Mets : RHP Jim Unknown
Batting: SHB Johnathan Green 0-0: Ball
1-0: Foul Ball, location: 7LSF
1-1: Ball
2-1: Ball
3-1: Base on Balls
Batting: RHB William Beauvais 0-0: Ball
1-0: Foul Ball, location: 2F
1-1: Ball
2-1: Ball
3-1: Called Strike
3-2: Grounds into double play, 5-4-3 (Groundball, 56, EV 93.8 MPH)
Batting: RHB Randy Leduc 0-0: Ball
1-0: Fly out, F8 (Flyball, 89D, EV 81.9 MPH)
Bottom of the 5th over - 0 runs, 0 hits, 0 errors, 0 left on base; St. Lucie 2 - Lakeland 1
TOP OF THE 6TH
St. Lucie Mets batting - Pitching for Lakeland Flying Tigers : LHP Juan Pérez
Batting: RHB Jim Unknown 0-0: Called Strike
0-1: Ball
1-1: Foul Ball, location: 5F
1-2: Strikes out swinging
Batting: RHB Juan Carlos Valdillez 0-0: Called Strike
0-1: Ball
1-1: Foul Ball, location: 7LMF
1-2: Ball
2-2: SINGLE (Line Drive, 3D, EV 70.6 MPH)
Batting: SHB Kevin French 0-0: Ball
1-0: Called Strike
Juan Carlos Valdillez is caught stealing 2nd base 2-4
1-1: Ball
2-1: Called Strike
2-2: Ball
3-2: Base on Balls
Batting: RHB Bob Rhodes 0-0: Ball
1-0: Ball
2-0: Foul Ball, location: 2F
2-1: Ball
3-1: Base on Balls
Kevin French to second
Batting: LHB Jim Unknown 0-0: Foul Ball, location: 9LSF
0-1: Ball
1-1: Ball
2-1: Foul Ball, location: 3F
2-2: Ball
3-2: Fly out, F6 (Popup, 56D, EV 52.5 MPH)
Top of the 6th over - 0 runs, 1 hit, 0 errors, 2 left on base; St. Lucie 2 - Lakeland 1
BOTTOM OF THE 6TH
Lakeland Flying Tigers batting - Pitching for St. Lucie Mets : RHP Jim Unknown
Batting: RHB Ánibal López 0-0: Called Strike
0-1: Hit by Pitch
Pinch Runner at 1st Billy Jackson:
Batting: RHB Ismael Mason 0-0: Ball
1-0: Grounds into double play, 6-4-3 (Groundball, 6, EV 106.9 MPH)
Batting: RHB Ghassan Umair 0-0: Ball
1-0: SINGLE (Line Drive, 34, EV 103.8 MPH)
Batting: RHB Jeff Hewitt 0-0: Ball
1-0: SINGLE (Flyball, 8RS, EV 92.5 MPH)
Ghassan Umair to second
Batting: LHB José Ríos 0-0: Ball
1-0: 3-RUN HOME RUN (Flyball, 7LD, EV 96.3 MPH), Distance : 357 ft
Batting: RHB Dan Murdock 0-0: Ball
1-0: SOLO HOME RUN (Flyball, 7D, EV 100.0 MPH), Distance : 393 ft
Pitching: RHP Jim Unknown
Batting: SHB Johnathan Green 0-0: Foul Ball, location: 7LSF
0-1: Ball
1-1: Ball
2-1: Ball
3-1: Called Strike
3-2: Foul Ball, location: 5DF
3-2: Foul Ball, location: 2F
3-2: Fly out, F8 (Flyball, 89M, EV 90.0 MPH)
Bottom of the 6th over - 4 runs, 4 hits, 0 errors, 0 left on base; St. Lucie 2 - Lakeland 5
TOP OF THE 7TH
St. Lucie Mets batting - Pitching for Lakeland Flying Tigers : LHP Juan Pérez
Now at SS: Juan Figueroa
Batting: LHB Jim Unknown 0-0: Called Strike
0-1: Ball
1-1: Ground out 4-3 (Groundball, 4, EV 87.5 MPH)
Batting: RHB Jim Unknown 0-0: Ball
1-0: Called Strike
1-1: Ball
2-1: Called Strike
2-2: Ground out 5-3 (Groundball, 56S, EV 86.3 MPH)
Batting: RHB Jim Unknown 0-0: Swinging Strike
0-1: Foul Ball, location: 7LDF
0-2: Ball
1-2: Ball
2-2: Ball
3-2: Foul Ball, location: 7LMF
3-2: Base on Balls
Batting: LHB Jim Unknown 0-0: Ball
1-0: Called Strike
1-1: Ball
2-1: Foul Ball, location: 3DF
2-2: Strikes out swinging
Top of the 7th over - 0 runs, 0 hits, 0 errors, 1 left on base; St. Lucie 2 - Lakeland 5
BOTTOM OF THE 7TH
Lakeland Flying Tigers batting - Pitching for St. Lucie Mets : RHP Jim Unknown
Batting: RHB William Beauvais 0-0: Called Strike
0-1: Foul Ball, location: 25F
0-2: Foul Ball, location: 2F
0-2: Foul Ball, location: 2F
0-2: Ground out 6-3 (Groundball, 6, EV 80.0 MPH)
Batting: RHB Randy Leduc 0-0: Called Strike
0-1: Ball
1-1: Ball
2-1: Foul Ball, location: 5FF
2-2: Foul Ball, location: 2LF
2-2: Foul Ball, location: 2F
2-2: Ground out 6-3 (Groundball, 6, EV 99.4 MPH)
Batting: RHB Juan Figueroa 0-0: Ball
1-0: Swinging Strike
1-1: DOUBLE (Line Drive, 9LS, EV 98.8 MPH)
Batting: RHB Ismael Mason 0-0: Ball
1-0: Called Strike
1-1: Swinging Strike
1-2: Strikes out swinging
Bottom of the 7th over - 0 runs, 1 hit, 0 errors, 1 left on base; St. Lucie 2 - Lakeland 5
TOP OF THE 8TH
St. Lucie Mets batting - Pitching for Lakeland Flying Tigers : LHP Juan Pérez
Batting: RHB Jim Unknown 0-0: Ball
1-0: Foul Ball, location: 9LMF
1-1: Foul Ball, location: 9LDF
1-2: Ball
2-2: Ball
3-2: Strikes out swinging
Pitching: LHP Ernesto Zavala
Batting: RHB Juan Carlos Valdillez 0-0: Ground out U3 (Groundball, 3, EV 83.8 MPH)
Batting: SHB Kevin French 0-0: Called Strike
0-1: Foul Ball, location: 2F
0-2: Foul Ball, location: 7LMF
0-2: Fly out, F7 (Flyball, 7D, EV 106.3 MPH)
Top of the 8th over - 0 runs, 0 hits, 0 errors, 0 left on base; St. Lucie 2 - Lakeland 5
BOTTOM OF THE 8TH
Lakeland Flying Tigers batting - Pitching for St. Lucie Mets : RHP Jim Unknown
Batting: RHB Ghassan Umair 0-0: Ball
1-0: Ball
2-0: Ball
3-0: Base on Balls
Batting: RHB Jeff Hewitt 0-0: Swinging Strike
0-1: Grounds into double play, 6-4-3 (Groundball, 6, EV 98.1 MPH)
Batting: LHB José Ríos 0-0: Ball
1-0: Ball
2-0: Called Strike
2-1: Foul Ball, location: 2F
2-2: Ball
3-2: Foul Ball, location: 7LDF
3-2: Base on Balls
Batting: RHB Dan Murdock 0-0: Ball
1-0: Foul Ball, location: 2F
1-1: Called Strike
José Ríos steals 2nd base
1-2: Foul Ball, location: 2F
1-2: SINGLE (Groundball, 6MS, EV 81.9 MPH) (infield hit)
José Ríos to third
Batting: SHB Johnathan Green 0-0: Called Strike
0-1: Foul Ball, location: 9LDF
0-2: Foul Ball, location: 25F
0-2: Foul Ball, location: 2F
0-2: DOUBLE (Line Drive, 3D, EV 95.0 MPH)
José Ríos scores
Dan Murdock to third
Pitching: RHP Jim Unknown
Batting: RHB William Beauvais 0-0: Fly out, F3 (Line Drive, 3L, EV 64.4 MPH)
Bottom of the 8th over - 1 run, 2 hits, 0 errors, 2 left on base; St. Lucie 2 - Lakeland 6
TOP OF THE 9TH
St. Lucie Mets batting - Pitching for Lakeland Flying Tigers : LHP Ernesto Zavala
Batting: RHB Bob Rhodes 0-0: Swinging Strike
0-1: SINGLE (Groundball, 34S, EV 81.3 MPH) (infield hit)
Batting: LHB Jim Unknown 0-0: Fly out, F4 (Popup, 13, EV 83.8 MPH)
Pinch Hitting: RHB Jim Unknown 0-0: Fielders Choice at 2nd, 1-6 (Groundball, 13S, EV 76.3 MPH)
Pinch Hitting: RHB Jim Unknown 0-0: Ball
1-0: Foul Ball, location: 9LDF
1-1: Ball
2-1: Ball
3-1: Fly out, F8 (Flyball, 8RD, EV 98.1 MPH)
Top of the 9th over - 0 runs, 1 hit, 0 errors, 1 left on base; St. Lucie 2 - Lakeland 6
Friday, May 3rd , 2024 - OOTP Baseball 24.10 Build 82